 Dungeon Crawl Stone Soup version 0.30-a0-743-gbfdf073431 (webtiles) character file.

Game seed: 14432621486289081400

158 M4edhros the Sneak (level 5, -1/37 HPs)
             Began as an Octopode Delver on Feb 6, 2023.
             Slain by a water moccasin zombie (8 damage)
             ... in an ossuary.
             The game lasted 00:01:51 (412 turns).

M4edhros the Sneak (Octopode Delver)                 Turns: 412, Time: 00:01:52

Health: -1/37      AC:  1    Str: 11    XL:     5   Next: 40%
Magic:  5/5        EV: 14    Int: 13    God:
Gold:   0          SH:  0    Dex: 15    Spells: 4/4 levels left

rFire   . . .      SeeInvis .      - Unarmed
rCold   . . .      Faith    .    (no shield)
rNeg    . . .      Spirit   .    (helmet restricted)
rPois   .          Reflect  .    (no amulet)
rElec   .          Harm     .    (no ring)
rCorr   .          Rampage  .    (no ring)
Will    .....                    (no ring)
Stlth   +++++                    (no ring)
HPRegen 0.26/turn                (no ring)
MPRegen 0.09/turn                (no ring)
                                 (no ring)
                                 (no ring)

@: no status effects
A: almost no armour, amphibious, 8 rings, camouflage 1, gelatinous body 1,
(nimble swimmer 1), tentacles
a: no special abilities


You were in an ossuary.
You visited 1 branch of the dungeon, and saw 1 of its levels.
You also visited: Ossuary.

Inventory:

Wands
 e - a wand of digging (3)
Scrolls
 a - a scroll of fog
 b - a scroll of magic mapping
 c - a scroll of fear


   Skills:
 + Level 3.9 Fighting
 + Level 3.1 Dodging
 + Level 7.5 Stealth
 + Level 3.1 Unarmed Combat


You had 4 spell levels left.
You didn't know any spells.
Your spell library was empty.

Dungeon Overview and Level Annotations

Branches:
Dungeon (5/15)            Ossuary (1/1)
 Temple: D:4-7

Altars:

Annotations:
D:5 exclusion: ice beast


Innate Abilities, Weirdness & Mutations

You cannot wear most types of armour.
You are amphibious.
You can wear up to eight rings at the same time.
Your skin changes colour to match your surroundings (Stealth+).
Your rubbery body absorbs attacks. (AC +1, EV +1)
((You are camouflaged when in or above water. (Stealth+)))
You have tentacles for arms and can constrict up to eight enemies at once.


Message History

The water moccasin zombie is heavily damaged.
You constrict the water moccasin zombie.
The water moccasin zombie bites you.
You tentacle-slap the water moccasin zombie.
The water moccasin zombie is severely damaged.
You constrict the water moccasin zombie.
The water moccasin zombie bites you!
You tentacle-slap the water moccasin zombie.
The water moccasin zombie is almost destroyed.
You constrict the water moccasin zombie.
You destroy the water moccasin zombie!
Your Dodging skill increases to level 3!
Your Unarmed Combat skill increases to level 3!
You have reached level 5!
You feel clever.
You tentacle-slap the water moccasin zombie.
Your grab misses the water moccasin zombie.
The water moccasin zombie is lightly damaged.
The water moccasin zombie closely misses you.
You tentacle-slap the water moccasin zombie but do no damage.
You grab the water moccasin zombie.
The water moccasin zombie is lightly damaged.
You constrict the water moccasin zombie.
The water moccasin zombie closely misses you.
You tentacle-slap the water moccasin zombie.
You squeeze the water moccasin zombie.
The water moccasin zombie is moderately damaged.
You constrict the water moccasin zombie.
The water moccasin zombie bites you.
* * * LOW HITPOINT WARNING * * *
You tentacle-slap the water moccasin zombie but do no damage.
The water moccasin zombie is moderately damaged.
You constrict the water moccasin zombie.
The water moccasin zombie bites you.
* * * LOW HITPOINT WARNING * * *
You tentacle-slap the water moccasin zombie.
The water moccasin zombie is heavily damaged.
You constrict the water moccasin zombie.
The water moccasin zombie bites you!
You die...

##+## #...#
#...# ...# .Z#
###Z# #..@#
#...##### ###
#...#...#!!??#
#...'.∩.#!(?!+
#∩..#...#!!?!#
######### ###


You could see a water moccasin zombie and a hobgoblin zombie.

Vanquished Creatures
  A scorpion (D:5)
  A water moccasin zombie (Ossuary)
  A jelly (D:5)
  An adder (D:5)
  An adder zombie (Ossuary)
  A hobgoblin zombie (Ossuary)
  A kobold zombie (Ossuary)
  2 orc zombies (Ossuary)
9 creatures vanquished.

Notes
Turn   | Place    | Note
-------+----------+-------------------------------------------
     0 | D:5      | M4edhros the Octopode Delver began the quest for the Orb.
     0 | D:5      | Reached XP level 1. HP: 16/16 MP: 1/1
     0 | D:5      | Noticed an ice beast
    22 | D:5      | Noticed a jelly
    32 | D:5      | Killed a jelly
    33 | D:5      | Reached XP level 2. HP: 1/21 MP: 2/2
    33 | D:5      | Reached XP level 3. HP: 2/26 MP: 3/3
    64 | D:5      | Noticed a scorpion
   149 | D:5      | Reached skill level 7 in Stealth
   160 | D:5      | Killed a scorpion
   161 | D:5      | Reached XP level 4. HP: 6/32 MP: 4/4
   169 | D:5      | HP: 1/32 [worm (4)]
   215 | D:5      | Found a sand-covered staircase.
   223 | Ossuary  | Entered an ossuary
   408 | Ossuary  | Reached XP level 5. HP: 14/37 MP: 5/5
   412 | Ossuary  | Slain by a water moccasin zombie

Illustrated notes

Levels and vault maps discovered:
D:5:      layout_basic, lemuel_tele_altar, gup_ossuary_entry_pyramid,
          st_stairs_9, uniq_blork_the_orc
Ossuary:  ossuary_tomb_2

Skill      XL: |  1  2  3  4 |
---------------+-------------+-----
Stealth        | 7 |  7.5
Dodging        | 3 |  3.1
Unarmed Combat | 3 |  3.1
Fighting       | |  3.9

Action                     |  1- 3 |  4- 6 || total
---------------------------+-------+-------++-------
  Melee: Unarmed           |    12 |    27 ||    39
         Tentacles         |     3 |     4 ||     7
         Constrict         |     2 |     7 ||     9
    Use: Potion            |       |     1 ||     1
   Stab: Sleeping          |     1 |       ||     1
 Armour: Skin              |       |     2 ||     2
  Dodge: Dodged            |     5 |     8 ||    13

Table legend: (Time is in decaauts)
 A = Elapsed time spent in this place.
 B = Non-inter-level travel time spent in this place.
 C = Inter-level travel time spent in this place.
 D = Time resting spent in this place.
 E = Time spent auto-exploring this place.
 F = Levels seen in this place.
 G = Mean time per level.
                   A        B        C        D        E       F      G
               +--------+--------+--------+--------+--------+-----+--------+
         Total |    389 |    389 |      0 |    152 |      0 |   2 |  194.5 |
       Dungeon |    220 |    220 |      0 |     57 |      0 |   1 |  220.0 |
       Ossuary |    169 |    169 |      0 |     95 |      0 |   1 |  169.0 |
               +--------+--------+--------+--------+--------+-----+--------+

Top non-repeatable levels by time:
     D:5: 220 daAuts
 Ossuary: 169 daAuts
